 Dungeon Crawl Stone Soup version 0.24-a0-251-g44e327e (webtiles) character file.

Game seed: 2971951458241427928

1097 Azureo the Chiller (level 8, -3/54 (56) HPs)
             Began as a Human Ice Elementalist on Apr 16, 2019.
             Was a Believer of Makhleb.
             Killed by divine providence
             ... invoked by an orc priest
              (16 damage)
             ... on level 6 of the Dungeon.
             The game lasted 00:57:57 (6324 turns).

Azureo the Chiller (Human Ice Elementalist)         Turns: 6324, Time: 00:57:57

HP:   -3/54 (56)    AC:  8    Str:  8    XL:     8   Next: 57%
MP:   14/14         EV: 10    Int: 18    God:    Makhleb [**....]
Gold: 239           SH:  0    Dex: 14    Spells: 4/15 levels left

rFire    . . .     SeeInvis .   u - +4 quarterstaff (chaos)
rCold    . . .     Gourm    .   (shield currently unavailable)
rNeg     . . .     Faith    +   b - +0 ring mail
rPois    .         Spirit   .   (no helmet)
rElec    .         Reflect  .   y - +0 cloak
rCorr    .         Harm     .   h - +0 pair of gloves
MR       .....                  (no boots)
Stlth    ++........             v - amulet of faith
HPRegen  0.18/turn              s - ring of wizardry
MPRegen  0.14/turn              (no ring)

@: no status effects
A: no striking features
a: Minor Destruction, Renounce Religion


You were on level 6 of the Dungeon.
You worshipped Makhleb.
Makhleb was pleased with you.
You were not hungry.

You visited 1 branch of the dungeon, and saw 6 of its levels.
You also visited: Ossuary.

You collected 239 gold pieces.

Inventory:

Hand Weapons
 e - a +0 short sword
 u - a +4 quarterstaff of chaos (weapon)
 x - a +1 dagger of protection
Missiles
 t - 5 steel tomahawks (quivered)
Armour
 a - a +0 robe
 b - a +0 ring mail (worn)
 h - a +0 pair of gloves (worn)
 i - a +0 robe
 y - a +0 cloak (worn)
 B - a +0 cloak
 C - a cursed +0 naga barding
Jewellery
 j - a -3 ring of dexterity
 n - an uncursed amulet of inaccuracy
 s - a ring of wizardry (left hand)
 v - an amulet of faith (around neck)
 z - the amulet of Sudunueh {Faith MP+9, unknown}
   (You found it on level 6 of the Dungeon)

   [amulet of faith]

   It allows you to gain divine favour quickly.
   It affects your magic capacity (+9).
Wands
 q - a wand of iceblast (7)
 r - a wand of clouds (7)
Scrolls
 o - 2 scrolls of amnesia
 A - a scroll of fog
 D - a scroll of magic mapping {unknown}
 E - 2 scrolls of remove curse
 F - 3 scrolls of enchant weapon {unknown}
 I - 2 scrolls of teleportation
 K - 2 scrolls of identify
 L - a scroll of enchant armour {unknown}
Potions
 d - a potion of heal wounds
 f - a potion of haste {unknown}
 g - a potion of resistance {unknown}
 k - 2 potions of flight {unknown}
 l - 2 potions of berserk rage {unknown}
 m - 2 potions of curing {unknown}
 p - a potion of might {unknown}
 w - 2 potions of magic {unknown}
 G - a potion of invisibility {unknown}
 H - a potion of agility
 J - a potion of degeneration {unknown}
Comestibles
 c - 2 rations


   Skills:
 + Level 2.0 Fighting
 - Level 1.2 Short Blades
 + Level 4.1 Staves
 * Level 4.8 Armour
 - Level 2.0 Dodging
 + Level 2.7 Stealth
 + Level 4.3 Spellcasting
 + Level 1.0 Conjurations
 + Level 4.8 Ice Magic
 + Level 0.7 Invocations


You had 4 spell levels left.
You knew the following spells:

 Your Spells              Type           Power        Failure   Level  Hunger
a - Freeze                Ice            ###.         2%          1    None
b - Throw Frost           Conj/Ice       ##....       8%          2    ##.....
c - Throw Icicle          Conj/Ice       ##......     41%         4    ####...
e - Summon Ice Beast      Ice/Summ       ##......     47%         4    ####...

Your spell library contained the following spells:

 Spells                   Type           Power        Failure   Level  Hunger
 Ozocubu's Armour         Chrm/Ice       ##......     17%         3    ###....


Dungeon Overview and Level Annotations

Branches:
Dungeon (6/15)             Temple (0/1) D:5

Altars:
Dithmenos
Makhleb
Nemelex Xobeh

Annotations:
D:3 Purgy


Message History

The orc priest invokes the aid of Beogh against you.
Beogh smites you!
There is an open door here.
The orc wizard casts a spell.
The orc wizard flickers and vanishes!
Deactivating autopickup; reactivate with Ctrl-A.
The orc wizard gestures at you while chanting.
The magic dart hits you.
As you read the scroll of teleportation, it crumbles to dust.
You feel strangely unstable.
The orc priest mumbles some strange prayers to Beogh against you.
Pain shoots through your body!
* * * LOW HITPOINT WARNING * * *
The orc wizard mumbles some strange words.
The orc wizard blinks!
Your surroundings suddenly seem different.
The orc priest shouts!
The orc priest invokes the aid of Beogh against you.
Beogh smites you!
You die...

#.....## #.....###.# #........#
.......## #.....# #.# #.##.##.##
.{......###....####.####.#...####
........'.......................+
........####......######.#...####
.......## ##....## #.##.## #
#.....## ####.# ...### ##...##
#.# #.... ##'## #@# #...## #ยง#
#.# ##### ###.######## #.#
.....o.....# #.# ##...#####.# #.#
# #..... #.# #.# #
##...#####.#####o# #
#...#.....o.....# #
#.#.#.###.#######


You could see an orc priest.

Vanquished Creatures
  Menkaure (D:4)
  A necrophage (D:6)
  A centaur (D:5)
  Blork the orc (D:4)
  A bullfrog (D:4)
  A howler monkey (D:4)
  A crimson imp (D:6)
  2 centaur zombies (Ossuary)
  A hound (D:6)
  An orc priest (D:6)
  Crazy Yiuf (D:4)
  A human zombie (Ossuary)
  4 worker ants
  3 ogre zombies (Ossuary)
  A hound skeleton (D:4)
  6 mummies (Ossuary)
  A howler monkey skeleton (D:4)
  3 gnolls (D:4)
  6 adders
  4 adder zombies (Ossuary)
  An adder skeleton (D:5)
  3 worms
  2 dart slugs (D:2)
  4 leopard geckos
  14 orcs
  5 bats
  A giant cockroach (D:1)
  8 goblins
  10 hobgoblins
  10 jackals
  5 kobolds
  A quokka (D:5)
  A ball python (D:5)
  5 frilled lizards
  A gnoll zombie (Ossuary)
  2 goblin zombies (Ossuary)
  4 hobgoblin zombies (Ossuary)
  4 kobold zombies (Ossuary)
  A quokka skeleton (D:4)
  5 rats
  3 rat zombies (Ossuary)
131 creatures vanquished.

Vanquished Creatures (collateral kills)
  An ooze (D:5)
1 creature vanquished.

Grand Total: 132 creatures vanquished

Notes
Turn   | Place    | Note
-------+----------+-------------------------------------------
     0 | D:1      | Azureo the Human Ice Elementalist began the quest for the
                  | Orb.
     0 | D:1      | Reached XP level 1. HP: 13/13 MP: 3/3
   188 | D:1      | Reached XP level 2. HP: 19/19 MP: 0/5
   678 | D:1      | Reached XP level 3. HP: 21/24 MP: 6/6
   861 | D:2      | Found a burning altar of Makhleb.
   871 | D:2      | Reached skill level 1 in Armour
   876 | D:2      | Became a worshipper of Makhleb the Destroyer
  1057 | D:2      | Learned a level 2 spell: Throw Frost
  1068 | D:2      | Reached XP level 4. HP: 28/30 MP: 5/8
  2365 | D:3      | Reached * piety under Makhleb
  2369 | D:3      | Reached XP level 5. HP: 32/36 MP: 4/9
  2418 | D:3      | Found a shadowy altar of Dithmenos.
  2419 | D:3      | Noticed Purgy
  2797 | D:4      | Noticed a bullfrog
  2804 | D:4      | Killed a bullfrog
  2804 | D:4      | Reached skill level 1 in Short Blades
  2804 | D:4      | Reached XP level 6. HP: 14/42 MP: 4/11
  3105 | D:4      | Learned a level 4 spell: Throw Icicle
  3127 | D:4      | Noticed Blork the orc
  3135 | D:4      | Noticed Menkaure
  3412 | D:4      | Found a sparkling altar of Nemelex Xobeh.
  3620 | D:4      | Killed Blork the orc
  3950 | D:4      | Found a runed translucent door.
  3951 | D:4      | Noticed Crazy Yiuf
  3958 | D:4      | Killed Crazy Yiuf
  3958 | D:4      | Reached XP level 7. HP: 8/47 MP: 7/12
  4695 | D:4      | Killed Menkaure
  4695 | D:4      | Reached skill level 1 in Fighting
  4695 | D:4      | Reached skill level 1 in Staves
  4916 | D:5      | Entered Level 5 of the Dungeon
  4921 | D:5      | Found a staircase to the Ecumenical Temple.
  5249 | D:6      | Reached XP level 8. HP: 51/52 MP: 14/14
  5394 | D:6      | Reached ** piety under Makhleb
  5520 | D:6      | Found a sand-covered staircase.
  5528 | Ossuary  | Entered an ossuary
  5740 | Ossuary  | Learned a level 3 spell: Ozocubu's Armour
  5745 | Ossuary  | Learned a level 4 spell: Summon Ice Beast
  6260 | D:6      | Got a serpentine bone amulet
  6324 | D:6      | Killed from afar by an orc priest

Levels and vault maps discovered:
D:1:      minmay_arrival_arboretum_small, layout_loops_corners
D:2:      layout_basic, bloody_makhleb, serial_rivers,
          chequers_serial_rivers_micro_d, chequers_serial_rivers_micro_a,
          chequers_serial_rivers_micro_d, chequers_serial_rivers_marsh,
          chequers_serial_rivers_small_3
D:3:      layout_basic, lemuel_crystal_altar, nicolae_overflow_hidden_temple,
          uniq_purgy
D:4:      layout_loops_cross, nemelex_xobeh_ov_fountains_minmay, uniq_menkaure,
          uniq_crazy_yiuf_cottage, uniq_blork_the_orc
D:5:      layout_rooms, temple_green, first_ration
D:6:      layout_loops_corners, lemuel_doored_altar, nicolae_ossuary_entry_ruins
Ossuary:  ossuary_boxes_badplayer

Skill      XL: |  1  2  3  4  5  6  7  8 |
---------------+-------------------------+-----
Armour         | 1 2 3 4 |  4.8
Spellcasting   | 3 4 |  4.3
Short Blades   | 1 |  1.2
Ice Magic      | 4 |  4.8
Fighting       | 1 2 |  2.0
Staves         | 2 4 |  4.1
Dodging        | |  2.0
Stealth        | |  2.7
Conjurations   | |  1.0
Invocations    | |  0.7

Action                   |  1- 3 |  4- 6 |  7- 9 || total
-------------------------+-------+-------+-------++-------
Melee: Short sword       |    72 |    60 |       ||   132
       Dagger            |       |    20 |       ||    20
       Quarterstaff      |       |       |   180 ||   180
Throw: Tomahawk          |       |     1 |       ||     1
 Cast: Freeze            |    28 |    97 |    14 ||   139
       Throw Frost       |       |     1 |     2 ||     3
Invok: Minor Destruction |       |       |     2 ||     2
  Use: Scroll            |     5 |     6 |     4 ||    15
       Potion            |       |     1 |       ||     1
 Stab: Paralysed         |       |       |     3 ||     3
       Sleeping          |       |       |     2 ||     2
       Confused          |       |       |     1 ||     1
  Eat: Ration            |     1 |     2 |     3 ||     6
Armor: Ring mail         |    48 |    64 |    58 ||   170
Dodge: Dodged            |    57 |    93 |    86 ||   236

Table legend:
 A = Non-vault XP
 B = Vault XP
 C = Vault XP percentage of total XP
 D = Non-vault monster count
 E = Vault monster count
 F = Vault count percentage of total count
                 A         B        C        D         E       F
            +---------+---------+-------+---------+---------+-------
      Total |     966 |     602 |  38.4 |      99 |      33 |  25.0
            +---------+---------+-------+---------+---------+-------
        D:1 |      32 |       0 |   0.0 |      18 |       0 |   0.0
        D:2 |      75 |       0 |   0.0 |      26 |       0 |   0.0
        D:3 |      40 |       0 |   0.0 |      13 |       0 |   0.0
        D:4 |     383 |     248 |  39.3 |      24 |       3 |  11.1
        D:5 |     158 |       0 |   0.0 |       8 |       0 |   0.0
        D:6 |     278 |       0 |   0.0 |      10 |       0 |   0.0
    Ossuary |       0 |     354 | 100.0 |       0 |      30 | 100.0
            +---------+---------+-------+---------+---------+-------
